AoeStats
← nanakusa

Nomad

507218281Analyzed
4v4 RM · 16d ago on Sep 17, 2026· 41m 5s· 8 players
Game mode
Random Map
Map size
231×231
Population
200
Speed
Normal
Resources
Standard
Victory
Conquest
Starting age
Dark Age
Ending age
Imperial Age
RankedLock teamsTeams togetherTeam positionsShared explorationLock speedFull tech treeHidden civsTurbo modeCheats
Victory
Defeat
🇨🇳 Persians · China
1577
+11
🇲🇽 Dravidians · Mexico
1553
+12
🇯🇵 Spanish · Japan
1514
+14
🇨🇳 Berbers · China
1473
+14
🇧🇷 Koreans · Brazil
1472
-13
🇧🇷 Goths · Brazil
1469
-13
🇧🇷 Khitans · Brazil
1466
-13
🇧🇷 Wu · Brazil
1445
-12
eL| Barry_Allen
4:22 Loom
15:20 Feudal Age
19:25 Castle Age
18:01 Fishing Lines
18:38 Double-Bit Axe
20:34 Bow Saw
20:41 Fletching
20:52 Padded Archer Armor
22:49 Bodkin Arrow
27:13 Ballistics
32:39 Sanctity
32:28 Husbandry
32:43 Horse Collar
34:28 Wheelbarrow
38:07 Imperial Age
36:54 Medical Corps
37:10 Hand Cart
37:16 Hand Cart
37:03 Heavy Plow
37:18 Gillnets
39:34 Thumb Ring
38:49 Elite Elephant Archer
39:31 Bracer
41:38 Leather Archer Armor
nanakusa
5:46 Loom
13:51 Feudal Age
15:10 Wheelbarrow
18:06 Castle Age
16:34 Fishing Lines
16:58 Double-Bit Axe
17:44 Horse Collar
21:42 Bow Saw
27:34 Padded Archer Armor
29:57 Hand Cart
30:11 Gold Mining
32:48 Heavy Plow
33:18 Bloodlines
34:27 Husbandry
35:19 Fletching
37:14 Leather Archer Armor
37:56 Masonry
37:56 Bodkin Arrow
41:28 Imperial Age
41:04 Scale Barding Armor
网恋被骗50块
4:30 Loom
14:00 Feudal Age
14:45 Double-Bit Axe
19:19 Castle Age
17:25 Fishing Lines
18:40 Forging
18:37 Scale Barding Armor
18:35 Gold Mining
20:23 Bloodlines
20:53 Bow Saw
23:26 Town Watch
24:17 Wheelbarrow
24:53 Scale Barding Armor
26:09 Stone Mining
29:24 Hand Cart
30:05 Horse Collar
34:52 Imperial Age
32:46 Gillnets
33:20 Kasbah
34:04 Stone Shaft Mining
34:06 Ballistics
33:27 Treadmill Crane
33:43 Murder Holes
34:29 Gold Shaft Mining
33:47 Fletching
34:08 Husbandry
35:02 Cavalier
36:48 Chemistry
36:02 Thumb Ring
36:20 Conscription
36:32 Chain Barding Armor
37:59 Plate Barding Armor
37:17 Elite Camel Archer
38:40 Masonry
40:35 Bodkin Arrow
40:41 Padded Archer Armor
Bo Zhi Shang
2:57 Loom
12:57 Feudal Age
17:52 Castle Age
16:43 Bloodlines
16:45 Forging
16:35 Fishing Lines
24:06 Gillnets
28:08 Wheelbarrow
27:21 Double-Bit Axe
27:30 Gold Mining
30:44 Bow Saw
39:13 Imperial Age
38:51 Husbandry
39:09 Scale Barding Armor
39:40 Iron Casting
39:10 Cavalier
40:42 Chain Barding Armor
41:41 Iron Casting
TmZ_razi
2:55 Loom
13:25 Feudal Age
15:22 Fishing Lines
15:56 Forging
15:47 Scale Mail Armor
18:39 Castle Age
17:21 Gold Mining
17:54 Arson
19:32 Wheelbarrow
18:46 Town Watch
19:38 Chain Mail Armor
19:59 Iron Casting
19:26 Squires
19:45 Gillnets
28:37 Horse Collar
28:44 Double-Bit Axe
37:10 Bow Saw
38:33 Heavy Plow
42:31 Imperial Age
TmZ_ piccoLo sayajiN-*
4:12 Loom
12:28 Feudal Age
17:03 Castle Age
16:06 Double-Bit Axe
17:02 Forging
30:27 Domestication
31:04 Bow Saw
32:08 Wheelbarrow
32:49 Pastoralism
35:41 Fletching
35:51 Padded Archer Armor
35:58 Husbandry
36:25 Bodkin Arrow
37:21 Thumb Ring
37:45 Leather Archer Armor
38:01 Scale Barding Armor
40:24 Chain Barding Armor
40:04 Scale Mail Armor
Gomes
5:29 Loom
13:01 Feudal Age
16:46 Castle Age
15:57 Double-Bit Axe
16:44 Fletching
17:47 Bow Saw
18:46 Town Watch
26:02 Bodkin Arrow
28:24 Wheelbarrow
28:37 Ballistics
30:23 Stone Mining
36:15 Imperial Age
36:19 Capped Ram
37:23 Bracer
38:22 Elite War Wagon
39:37 Conscription
40:25 Chemistry
TmZ_Mosquito Sedutor
3:12 Loom
14:54 Feudal Age
15:01 Man-at-Arms
18:41 Forging
18:31 Scale Mail Armor
19:34 Fishing Lines
25:27 Castle Age
25:33 Stone Mining
25:33 Gold Mining
29:30 Squires
28:50 Pikeman
29:30 Double-Bit Axe
29:28 Horse Collar
30:22 Bow Saw
31:21 Heavy Plow
31:51 Gold Mining
33:07 Stone Shaft Mining
Connection lost

Rejoining the realm…

Still unreachable

The connection could not be restored.

Session expired

The server has moved on; the page needs a fresh start.